[Event "Early-Titled-Tuesday-Blitz-January-16-2024"]
[Site "Chess.com"]
[Date "2024.01.16"]
[Round "5"]
[White "nindjaxx8"]
[Black "Nikita_Klepikov"]
[Result "1-0"]
[WhiteElo "2568"]
[BlackElo "2341"]
[TimeControl "180+1"]
[EndTime "8:58:53 PST"]
[Termination "nindjaxx8 won by checkmate"]

1. d4 Nf6 2. c4 d6 3. Nc3 e5 4. Nf3 Nbd7 5. Bg5 Be7 6. dxe5 dxe5 7. e3 O-O 8. Be2 c6 9. O-O h6 10. Bh4 Qc7 11. Qc2 Re8 12. Rad1 Nc5 13. b4 Na6 14. a3 b6 15. Bg3 Bf8 16. Qb2 Qe7 17. Bh4 Nc7 18.
Ne4 Bf5 19. Bxf6 gxf6 20. Nd6 Bg6 21. Nxe8 Nxe8 22. Nh4 Bh7 23. g3 Nd6 24. Qc1 Qe6 25. Bf3 e4 26. Bg2 Nxc4 27. Rd4 b5 28. Rfd1 a5 29. a4 Bxb4 30. Bf1 Na3 31. Ng2 Bf5 32. Nf4 Qb3 33. Qxc6 Kg7 34. Qxa8 Be7 35. axb5 Nxb5 36. Bxb5 Qxb5 37. Rd5 Qb3 38. Qxa5 Bg4 39. Re1 Bb4 40. Qb5 Qc3 41. Rf1 Bf3 42. Rd8 Be7 43. Ra8 Bd6 44.
Qe8 f5 45. Qh8# 1-0

[Event "Early-Titled-Tuesday-Blitz-January-16-2024"]
[Site "Chess.com"]
[Date "2024.01.16"]
[Round "5"]
[White "Balla_Tamas"]
[Black "Batcu"]
[Result "1-0"]
[WhiteElo "2467"]
[BlackElo "2255"]
[TimeControl "180+1"]
[EndTime "8:58:53 PST"]
[Termination "Balla_Tamas won on time"]

1. e4 c5 2. c3 d5 3. exd5 Qxd5 4. d4 Nf6 5. Nf3 Bg4 6. Be2 e6 7. Be3 cxd4 8. cxd4 Nc6 9. Nc3 Qd6 10. h3 Bh5 11. O-O Be7 12. a3 O-O 13. Qb3 Nd5 14. Ne4 Qb8 15.
Rac1 a6 16. Rfe1 Rd8 17. Nc5 Na5 18. Qa4 b6 19. Nxa6 Rxa6 20. Bxa6 Bxf3 21. gxf3 Nxe3 22. Rxe3 Bg5 23. Rec3 Bxc1 24. Rxc1 Qd6 25. Bf1 g6 26. b4 Qxd4 27. Qc2 Nb7 28. Qc7 Qd7 29. Ba6 Nd6 30. Qxb6 Nf5 31. Bb5 Qd2 32. Rf1 Rd5 33. Qb8+ Kg7 34.
a4 Rd4 35. Qe5+ Kh6 36. a5 Rxb4 37. Be8 Qg5+ 38. Kh2 Rh4 39. Bxf7 1-0

[Event "Early-Titled-Tuesday-Blitz-January-16-2024"]
[Site "Chess.com"]
[Date "2024.01.16"]
[Round "5"]
[White "HPanesso"]
[Black "MikaelyanArman"]
[Result "1-0"]
[WhiteElo "2647"]
[BlackElo "2836"]
[TimeControl "180+1"]
[EndTime "8:58:54 PST"]
[Termination "HPanesso won by checkmate"]

1. e4 g6 2. d4 Bg7 3. Nc3 a6 4. h4 b5 5. h5 Bb7 6. a3 d6 7. h6 Bf8 8. Nf3 Nd7 9. Bf4 Ngf6 10. e5 Nd5 11. Nxd5 Bxd5 12. a4 b4 13. Be2 e6 14. a5 Be7 15. c4 bxc3 16. bxc3 g5 17. Bg3 g4 18. Nh2 dxe5 19. dxe5 Bxg2 20. Rg1 Bd5 21.
Qa4 c6 22. Qxg4 Qb8 23. Qg7 Rf8 24. Qxh7 Qb2 25. Rb1 Qxc3+ 26. Kf1 Nxe5 27. Bxe5 Qxe5 28. Ng4 Qc3 29. Rg3 Qd4 30. Qg7 Qe4 31. Bd3 Bc4 32. Qc3 Bxd3+ 33. Qxd3 Qxd3+ 34. Rxd3 Rd8 35. Rc3 f5 36. Ne3 Kf7 37. Rxc6 Rh8 38. Rbb6 Rxh6 39. Rxa6 f4 40. Ng4 Rh3 41. Kg2 Ra3 42. Ra7 f3+ 43.
Kg3 Re8 44. Rcc7 Kf8 45. Rd7 Ra4 46. Ne5 Re4 47. Ng6+ Kf7 48. Nxe7 Kf6 49. Kxf3 Ra4 50. Nc6 Rc8 51. Rf7+ Kg6 52. Rg7+ Kf6 53. Raf7# 1-0

[Event "Early-Titled-Tuesday-Blitz-January-16-2024"]
[Site "Chess.com"]
[Date "2024.01.16"]
[Round "5"]
[White "Jospem"]
[Black "PLAYER_2006_M"]
[Result "1/2-1/2"]
[WhiteElo "3081"]
[BlackElo "2887"]
[TimeControl "180+1"]
[EndTime "8:58:55 PST"]
[Termination "Game drawn by repetition"]

1. e4 e5 2. Nf3 Nf6 3. Nc3 Nc6 4. h3 d5 5. Bb5 Nxe4 6. O-O Nxc3 7. dxc3 Bd6 8.
Qxd5 Bd7 9. Bg5 f6 10. Be3 Qe7 11. Nd2 Nd8 12. Bxd7+ Qxd7 13. Ne4 Be7 14. Qb3 Qe6 15. c4 O-O 16. Rad1 b6 17. Nc3 c6 18. c5 Qxb3 19. axb3 Bxc5 20. Bxc5 bxc5 21. Rd6 Rc8 22. Ra1 Rc7 23. Ra6 Kf7 24. Ne4 Ke7 25. Rd1 Ne6 26. Rda1 f5 27. Nd2 Ra8 28. f3 Kf6 29. c3 h5 30. Nc4 h4 31. Re1 Rd8 32.
Rxe5 g6 33. Re1 Nf4 34. Kf1 Kg5 35. Ra5 Rb8 36. Ra3 Rd7 37. Rea1 Rbb7 38. Ra6 Rbc7 39. Re1 Rd8 40. Re5 Rd1+ 41. Re1 Rd8 1/2-1/2

[Event "Early-Titled-Tuesday-Blitz-January-16-2024"]
[Site "Chess.com"]
[Date "2024.01.16"]
[Round "5"]
[White "Lennis93"]
[Black "KVAIDAN"]
[Result "1-0"]
[WhiteElo "2782"]
[BlackElo "2414"]
[TimeControl "180+1"]
[EndTime "8:58:55 PST"]
[Termination "Lennis93 won by checkmate"]

1. b3 f5 2. Bb2 Nf6 3. g3 d6 4. d4 e6 5. Bg2 Be7 6. Nd2 O-O 7. e4 fxe4 8. Nxe4 Nxe4 9. Bxe4 Nd7 10. Qd3 Nf6 11.
Bg2 a5 12. Nf3 a4 13. O-O Qe8 14. Rae1 Qh5 15. c4 Bd7 16. b4 a3 17. Bc3 Ng4 18.
h3 Nh6 19. g4 Qf7 20. Bd2 Ra4 21. d5 e5 22. Qb3 Qg6 23. b5 Raa8 24. Bb4 Rf4 25.
Nxe5 dxe5 26. Bxe7 Nf7 27. c5 Re8 28. d6 cxd6 29. cxd6 h5 30. Rxe5 hxg4 31. Rg5 Qe6 32. Bd5 Qh6 33. Qg3 Rd4 34. Qe5 Rxd5 35. Qxd5 Qxh3 36.
Bf6 Be6 37. Rxg7+ Kf8 38. Qd4 Qh6 39. Be7+ Rxe7 40. dxe7+ Kxe7 41. Re1 g3 42. Rxg3 Qh5 43. Qb4+ Ke8 44. Rxe6+ Kd7 45. Qe7+ Kc8 46. Rg8+ Nd8 47. Rxd8# 1-0

[Event "Early-Titled-Tuesday-Blitz-January-16-2024"]
[Site "Chess.com"]
[Date "2024.01.16"]
[Round "5"]
[White "Tejas_Rama"]
[Black "Hamisandwich"]
[Result "1-0"]
[WhiteElo "2581"]
[BlackElo "2704"]
[TimeControl "180+1"]
[EndTime "8:58:55 PST"]
[Termination "Tejas_Rama won on time"]

1. d4 d6 2. Nf3 Nf6 3. c4 g6 4. Nc3 Bf5 5. d5 Bg7 6. Nd4 Bd7 7. e4 O-O 8. Be2 Na6 9. Be3 Nc5 10. Qc2 e5 11. dxe6 fxe6 12. e5 Ne8 13. Nf3 Qe7 14.
Bxc5 dxc5 15. O-O-O Bc6 16. h4 Bh6+ 17. Kb1 Ng7 18.
Ne4 Bxe4 19. Qxe4 Rab8 20. Qc2 Nh5 21. g3 a6 22. Qe4 Qf7 23. Rd3 b5 24. Rhd1 Ng7 25.
Rd7 Qf5 26. Qxf5 Nxf5 27. Rxc7 Nd4 28. Nxd4 cxd4 29. f4 Rfd8 30. c5 Bf8 31. b4 a5 32.
a3 axb4 33. axb4 Ra8 34. Rd3 Ra4 35. Rb3 Rda8 36. Bxb5 Ra1+ 37. Kc2 R8a2+ 38. Rb2 Ra3 39. Rc8 Rc3+ 40. Kd2 Rg1 41. Be2 Rg2 42. Ra2 1-0

[Event "Early-Titled-Tuesday-Blitz-January-16-2024"]
[Site "Chess.com"]
[Date "2024.01.16"]
[Round "5"]
[White "blitzking1729"]
[Black "oganromchess"]
[Result "1-0"]
[WhiteElo "2684"]
[BlackElo "2539"]
[TimeControl "180+1"]
[EndTime "8:58:55 PST"]
[Termination "blitzking1729 won on time"]

1. Nf3 e6 2. g3 f5 3. Bg2 Nf6 4. O-O Be7 5. d3 O-O 6. Nc3 d6 7. e4 fxe4 8. Nxe4 Nxe4 9. dxe4 e5 10. Nd2 Be6 11. Qe2 Nc6 12. c3 Qd7 13. Nc4 b5 14.
Ne3 b4 15. Nd5 bxc3 16. bxc3 Bd8 17. f4 exf4 18. Bxf4 Ne5 19. Bxe5 Rxf1+ 20. Rxf1 dxe5 21. Qf2 Be7 22. Bh3 Bxh3 23. Qf7+ Kh8 24. Nxe7 Qe8 25. Qxe8+ Rxe8 26. Rb1 h6 27. Nc6 a6 28. Kf2 Re6 29.
Rb8+ Kh7 30. Nb4 a5 31. Nd5 Rc6 32. Ke3 Be6 33. Rb3 Rc5 34. Ra3 Rxd5 35. exd5 1-0

[Event "Early-Titled-Tuesday-Blitz-January-16-2024"]
[Site "Chess.com"]
[Date "2024.01.16"]
[Round "5"]
[White "kai_nov"]
[Black "ChainedDowntohell"]
[Result "0-1"]
[WhiteElo "2329"]
[BlackElo "2552"]
[TimeControl "180+1"]
[EndTime "8:58:55 PST"]
[Termination "ChainedDowntohell won by checkmate"]

1. d4 Nf6 2. Nc3 e6 3. e4 d5 4.
Bg5 dxe4 5. Nxe4 Be7 6. Bxf6 gxf6 7. Nf3 f5 8. Ng3 b6 9. c3 Bb7 10. Bb5+ Kf8 11. Qe2 Nd7 12. Bxd7 Qxd7 13. Ne5 Qe8 14. Qh5 Bf6 15. O-O-O h6 16. Rhe1 Rd8 17. Nxf5 exf5 18. Ng6+ fxg6 19. Rxe8+ Rxe8 20. Qxg6 Bg5+ 21. Kb1 Be4+ 22.
Ka1 f4 23. Qh5 Bc2 24. Rc1 f3 25. Qxf3+ Kg7 26. Rf1 Re7 27. a3 Rhe8 28. Ka2 a5 29.
a4 Bxa4 30. h4 Bf6 31. Qg4+ Kh8 32. Qg6 Bg7 33. f4 Bb5 34. Rf3 Bc4+ 35. b3 Bf7 36. Qd3 a4 37. c4 b5 38. d5 c6 39. bxa4 bxc4 40. Qd4 Bxd4 41. Rg3 Bxd5 42. Rg4 Re2+ 43. Ka3 Bc5# 0-1

[Event "Early-Titled-Tuesday-Blitz-January-16-2024"]
[Site "Chess.com"]
[Date "2024.01.16"]
[Round "5"]
[White "dosto07"]
[Black "maciek_92"]
[Result "0-1"]
[WhiteElo "2527"]
[BlackElo "2840"]
[TimeControl "180+1"]
[EndTime "8:58:56 PST"]
[Termination "maciek_92 won on time"]

1. e4 c5 2. Nf3 e6 3. c3 Nf6 4. e5 Nd5 5. Bc4 Nc6 6. d4 cxd4 7. cxd4 d6 8. O-O Be7 9. Qe2 O-O 10. Bd2 Nb6 11. Bd3 f5 12. exf6 Bxf6 13. Nc3 d5 14. Be3 Bd7 15. Rad1 Qe8 16. Rfe1 Qh5 17. Bb1 Rae8 18.
h3 Nc4 19. Bc1 Kh8 20. Qd3 Bd8 21. Ne2 Nb4 22. Qb3 Be7 23. a3 Na5 24. Qc3 Rc8 25. Qe3 Nc4 26. Qb3 Nc6 27. Qd3 Rxf3 28.
Qxf3 Qxf3 29. gxf3 Bf6 30. Ba2 Nd6 31. Be3 Nf5 32.
Ng3 Nfxd4 33. Bxd4 Nxd4 34. Nh5 Nxf3+ 35. Kf1 Nxe1 36.
Nxf6 gxf6 37. Rxe1 Rc2 38. Rb1 d4 39. Bb3 Rc5 40. Rd1 e5 41. f4 Bxh3+ 42. Kf2 Bg4 43. Rg1 h5 44. fxe5 fxe5 45. Kg3 Kg7 46. Kh4 Kf6 47.
Rf1+ Ke7 48. Re1 Kd6 49. Kg5 e4+ 50. Kf4 Rf5+ 0-1

[Event "Early-Titled-Tuesday-Blitz-January-16-2024"]
[Site "Chess.com"]
[Date "2024.01.16"]
[Round "5"]
[White "DefiantChair"]
[Black "GodDMuhammad"]
[Result "0-1"]
[WhiteElo "2553"]
[BlackElo "2383"]
[TimeControl "180+1"]
[EndTime "8:58:57 PST"]
[Termination "GodDMuhammad won by resignation"]

1. e4 e5 2. Nf3 f5 3. Nxe5 Qf6 4. d4 d6 5. Nc4 fxe4 6. Nc3 Qg6 7. f3 exf3 8. Qxf3 Nc6 9. Nb5 Bg4 10. Qe3+ Kd7 11.
Bd3 Qf7 12. Rf1 Nf6 13. Qf4 Re8+ 14. Kf2 g5 15. Bf5+ Kd8 16. Qxg5 Be7 17. Bxg4 Nxg4+ 18. Kg1 Qxc4 19. Qxg4 Qxb5 20. d5 Qxd5 21. Bf4 Rhg8 22.
Qh3 Rg7 23. Bg3 Reg8 24. c3 Ne5 25. Rae1 Nd3 26. Rd1 Qc5+ 27. Kh1 Rxg3 28. hxg3 Nf2+ 29. Rxf2 Qxf2 30. Qxh7 Qxg3 31. Rd2 Bf6 32. Qd3 Qe1+ 33.
Kh2 Be5+ 34. Kh3 Rh8+ 35. Kg4 Qh4+ 36. Kf5 Qf4+ 37. Ke6 Qf6+ 38. Kd5 Qf7+ 39. Ke4 Rh4+ 40. Ke3 Qf4+ 41. Ke2 Rg4 42. Kd1 a6 43. Qh7 Qf8 44. Kc2 Rf4 45. Qh5 Qf5+ 46. Qxf5 Rxf5 47. Kd3 Ke7 48. Ke4 Ke6 49. Ke3 Bf4+ 0-1

[Event "Early-Titled-Tuesday-Blitz-January-16-2024"]
[Site "Chess.com"]
[Date "2024.01.16"]
[Round "5"]
[White "chenxiaoyuer"]
[Black "Shield12"]
[Result "0-1"]
[WhiteElo "2733"]
[BlackElo "3006"]
[TimeControl "180+1"]
[EndTime "8:58:58 PST"]
[Termination "Shield12 won by checkmate"]

1. e4 c5 2. Nf3 e6 3. d4 cxd4 4. Nxd4 Nc6 5. Nc3 Qc7 6. Be2 Nf6 7. O-O a6 8. Be3 Be7 9. f4 d6 10. a4 O-O 11. Kh1 Na5 12. Bd3 Nc4 13. Bc1 Bd7 14. b3 Na5 15. Bb2 Rac8 16. Qe2 g6 17.
f5 e5 18. Nf3 Nc6 19. fxg6 hxg6 20. Ng5 Nd4 21. Qd2 Kg7 22. Nd5 Nxd5 23. exd5 Nf5 24. g4 Nh6 25. h3 Rh8 26. Kg2 Rcf8 27. Rf3 f5 28. Ne6+ Bxe6 29. dxe6 Kh7 30. gxf5 gxf5 31. Kh1 Rhg8 32. Rg1 Rxg1+ 33. Kxg1 Rg8+ 34. Kf1 e4 35. Rxf5 Nxf5 36. Bxe4 Rf8 37. Qg2 Bh4 38. Ke2 Qe7 39. Qg4 Qg5 40. e7 Qe3+ 41. Kd1 Qe1# 0-1

[Event "Early-Titled-Tuesday-Blitz-January-16-2024"]
[Site "Chess.com"]
[Date "2024.01.16"]
[Round "5"]
[White "Goryachkina"]
[Black "lucliasco"]
[Result "1-0"]
[WhiteElo "2678"]
[BlackElo "2902"]
[TimeControl "180+1"]
[EndTime "8:58:59 PST"]
[Termination "Goryachkina won by resignation"]

1. e4 e5 2. Nf3 d6 3. d4 exd4 4. Nxd4 Nf6 5. Nc3 Be7 6. g3 O-O 7. Bg2 Nc6 8. O-O Bd7 9. Nf5 Re8 10. h3 Bf8 11. g4 Bxf5 12. exf5 h6 13. Bf4 Qd7 14. Nd5 Nxd5 15. Qxd5 Re2 16. b4 a6 17. c4 Rae8 18. a3 Nd8 19. Rad1 Ra2 20.
Rd3 Ree2 21. h4 c6 22. Qf3 h5 23. Be3 hxg4 24. Qxg4 g6 25. Bf3 Rec2 26. fxg6 Qxg4+ 27. Bxg4 fxg6 28. Bg5 Nf7 29. Be6 Kg7 30. Rf3 Nxg5 31. hxg5 d5 32. Rf7+ Kg8 33. Rxb7+ Kh8 34. cxd5 cxd5 35.
Bxd5 Rab2 36. Rf7 Bg7 37. Re1 Rc8 38. Ree7 Rb1+ 39. Kg2 Rg8 40. Rf4 Rxb4 41. axb4 1-0

[Event "Early-Titled-Tuesday-Blitz-January-16-2024"]
[Site "Chess.com"]
[Date "2024.01.16"]
[Round "5"]
[White "vladgoncharov"]
[Black "garfield_pg"]
[Result "0-1"]
[WhiteElo "2578"]
[BlackElo "2430"]
[TimeControl "180+1"]
[EndTime "8:58:59 PST"]
[Termination "garfield_pg won by resignation"]

1. d4 d5 2. c4 e6 3. Nc3 a6 4.
cxd5 exd5 5. Qb3 c6 6. g3 Nf6 7.
Nf3 Bd6 8. Bf4 O-O 9. Bg2 Qe7 10. O-O Re8 11. Bxd6 Qxd6 12. e3 Nbd7 13. Rac1 a5 14. a4 g6 15. Rfe1 Qb4 16. Qc2 Nb6 17.
b3 Bf5 18. Qb2 Nfd7 19. h3 Nc4 20. Qa2 Nd6 21. Nd2 h5 22. Bxd5 Bxh3 23. Bf3 Nf6 24. Nc4 Nxc4 25. bxc4 Rad8 26. c5 b6 27. cxb6 Qxb6 28.
Ne2 h4 29. gxh4 Qb4 30. Ng3 Qe7 31. Kh2 Be6 32. Rg1 Bxa2 33. h5 Be6 34. hxg6 fxg6 35. Kg2 Kf7 36. Ne2 Rh8 37. Kf1 Bd5 38. Bxd5+ cxd5 39. Nf4 Rc8 40. Rb1 Rb8 41. Rc1 Rhc8 42. Re1 Rb2 43. Rxg6 Qe4 44. Kg1 Rcc2 45. Rg2 Rd2 46.
Nh3 Ke7 47. Ng5 Qf5 48. Rf1 Rb1 49. Rxb1 Qxb1+ 50. Kh2 Rd1 51. Nf3 Rh1+ 52. Kg3 Ne4+ 53.
Kf4 Qb8+ 54. Ne5 Qf8+ 55. Kg4 Rh6 56. f4 Qg7+ 57. Kf3 Rh3+ 0-1

[Event "Early-Titled-Tuesday-Blitz-January-16-2024"]
[Site "Chess.com"]
[Date "2024.01.16"]
[Round "5"]
[White "only_strong_moves"]
[Black "Nasrin_Babayeva"]
[Result "1-0"]
[WhiteElo "2539"]
[BlackElo "1861"]
[TimeControl "180+1"]
[EndTime "8:58:59 PST"]
[Termination "only_strong_moves won on time"]

1. h3 d6 2. b3 e5 3. Bb2 f5 4. e3 Nf6 5. d4 e4 6. d5 c6 7. dxc6 bxc6 8. c4 g6 9. Be2 Bg7 10. g4 O-O 11. gxf5 Bxf5 12. h4 Na6 13. Qd2 Nc5 14. Nc3 Nd3+ 15. Bxd3 exd3 16. f3 d5 17. cxd5 Nxd5 18. Nxd5 Bxb2 19. Qxb2 Qxd5 20. Kd2 Bg4 21.
e4 Qa5+ 22. b4 Qb6 23. Qb3+ Kg7 24. Qc3+ Kh6 25. fxg4 Rf2+ 26. Kd1 Rf1+ 27. Kd2 Qf2+ 28. Kxd3 Rd8+ 29. Kc4 Qf7+ 30. Kc5 Qe7+ 31. Kc4 Qxe4+ 32. Kb3 Rxa1 33. Qxa1 Qxh1 34. Qc1+ Kg7 35. Qc3+ Kf7 36. Nf3 Qd1+ 37. Kb2 Qe2+ 38. Kb3 Rd3 39. Ne5+ Ke6 40. Nxd3 Qxg4 41. Nc5+ Kd6 42. Qd3+ Kc7 43. Qe3 Qd1+ 44. Ka3 1-0

[Event "Early-Titled-Tuesday-Blitz-January-16-2024"]
[Site "Chess.com"]
[Date "2024.01.16"]
[Round "5"]
[White "MagnusCarlsen"]
[Black "GroovyKettle"]
[Result "0-1"]
[WhiteElo "3305"]
[BlackElo "2948"]
[TimeControl "180+1"]
[EndTime "8:59:00 PST"]
[Termination "GroovyKettle won by resignation"]

1. b3 e5 2. Bb2 Nc6 3. c4 Nf6 4. e3 d5 5. cxd5 Nxd5 6. a3 Bd6 7. Qc2 Be6 8. Nf3 O-O 9. h4 h6 10. Nc3 Nxc3 11. Bxc3 Qe7 12. Bb5 Bg4 13. Qe4 Bd7 14.
Bc4 Kh8 15. h5 f5 16. Qh4 e4 17.
Qxe7 Nxe7 18. Ne5 Be8 19. f4 Kh7 20. b4 Nc6 21. Nxc6 Bxc6 22. Ke2 Bd7 23. b5 a6 24. a4 axb5 25. axb5 Rxa1 26. Rxa1 Be8 27. Rh1 Bd7 28. Kf2 Ra8 29. g4 fxg4 30. Bd5 Bf5 31. Bxb7 Rb8 32. Bc6 g6 33. hxg6+ Kxg6 34. d3 exd3 35. e4 Bxf4 36. exf5+ Kxf5 37. Bd7+ Kg5 38. Rd1 Ra8 39. Rxd3 Ra2+ 40. Kf1 h5 41. Rd5+ Kh4 42. Bf6+ Kg3 43. Rxh5 Rf2+ 44. Ke1 Bd2+ 45. Kd1 Rxf6 46. Bxg4 Kxg4 47. Rc5 Ba5 48. Kc2 Bb6 49.
Re5 Kf4 50. Re1 Rf5 51. Rb1 Rc5+ 52. Kd3 Ke5 0-1

[Event "Early-Titled-Tuesday-Blitz-January-16-2024"]
[Site "Chess.com"]
[Date "2024.01.16"]
[Round "5"]
[White "Jumbo"]
[Black "Vazabanga"]
[Result "1-0"]
[WhiteElo "2927"]
[BlackElo "2695"]
[TimeControl "180+1"]
[EndTime "8:59:00 PST"]
[Termination "Jumbo won on time"]

1. d4 Nf6 2. c4 e6 3. g3 d5 4. Bg2 dxc4 5. Nf3 a6 6. Ne5 c5 7. Be3 cxd4 8. Qxd4 Bb4+ 9. Nc3 Qxd4 10. Bxd4 O-O 11.
O-O-O Nbd7 12. Nxc4 Rb8 13. a3 Be7 14. Rd3 Nc5 15. Bxc5 Bxc5 16. e3 Bd7 17. Rhd1 Bc6 18. Bxc6 bxc6 19. Ne5 Rfc8 20. Nd7 Nxd7 21. Rxd7 Kf8 22.
Na4 Be7 23. Ra7 Ra8 24. Rdd7 Rxa7 25. Rxa7 c5 26. Nb6 Rd8 27. Nc4 g6 28. Rxa6 Rd5 29.
Ra8+ Kg7 30. Ra7 Bf6 31. Rc7 h5 32. h3 Kf8 33. Kc2 g5 34. g4 hxg4 35. hxg4 Be7 36. a4 f5 37. f3 f4 38. exf4 Rd4 39. Ne5 Bd6 40. Rc6 gxf4 41. Nd7+ Ke7 42. Nb6 Rb4 43. b3 Be5 44. Nc4 Bd4 45. Rb6 Kd7 46. Rxb4 cxb4 47. Kd3 Bc3 48. Ke4 1-0

[Event "Early-Titled-Tuesday-Blitz-January-16-2024"]
[Site "Chess.com"]
[Date "2024.01.16"]
[Round "5"]
[White "1mbl4"]
[Black "starworld123"]
[Result "0-1"]
[WhiteElo "2584"]
[BlackElo "2836"]
[TimeControl "180+1"]
[EndTime "8:59:00 PST"]
[Termination "starworld123 won on time"]

1. e4 c5 2. d4 cxd4 3. c3 d3 4. c4 Nc6 5. Bxd3 g6 6. Nc3 Bg7 7. Nge2 Nf6 8. O-O O-O 9. h3 d6 10. Be3 Nd7 11. f4 Nc5 12. Rc1 Nxd3 13. Qxd3 f5 14.
b3 Qa5 15. Qd5+ Rf7 16. Qxa5 Nxa5 17. Bd4 Bh6 18. e5 dxe5 19. Bxe5 Nc6 20. Rcd1 Nxe5 21.
fxe5 Be6 22. Nd4 Be3+ 23. Kh2 Bxd4 24. Rxd4 Rff8 25. Rfd1 Kf7 26. Ne2 Rac8 27. Nf4 Rc7 28. h4 Rfc8 29. Rd8 h6 30. h5 g5 31. Ng6 f4 32. Nh8+ Kg7 33. Ng6 Bg4 34. R1d2 Rxd8 35. Rxd8 Bxh5 36. Nf8 Bg4 37. e6 Kf6 38. Rd7 Rc8 39.
Nh7+ Kxe6 40. Rxb7 Bf5 0-1

[Event "Early-Titled-Tuesday-Blitz-January-16-2024"]
[Site "Chess.com"]
[Date "2024.01.16"]
[Round "5"]
[White "Nuvas"]
[Black "TheNextLevelFan"]
[Result "1/2-1/2"]
[WhiteElo "2784"]
[BlackElo "2607"]
[TimeControl "180+1"]
[EndTime "8:59:00 PST"]
[Termination "Game drawn - insufficient material"]

1. d4 d5 2. c4 e6 3. Nc3 Nf6 4.
cxd5 exd5 5. Bg5 Be7 6. e3 O-O 7.
Bd3 h6 8. Bh4 Re8 9. Nge2 Nbd7 10.
h3 c5 11. O-O a6 12. a4 b6 13. b3 Bb7 14. Bg3 Rc8 15. Rc1 Bf8 16.
Bb1 Ne4 17. Nxe4 dxe4 18. Nc3 Nf6 19. Be5 Nd7 20. Bg3 cxd4 21. exd4 Ba3 22. Rc2 e3 23. fxe3 Rxe3 24. Ne2 Rxc2 25. Qxc2 Be4 26. Qd2 Qg5 27. Bxe4 Rxe4 28. Qxg5 hxg5 29. Nc3 Rxd4 30. Bf2 Rd3 31. Ne4 Rxb3 32. Rd1 Nf6 33. Nxg5 g6 34. a5 bxa5 35. Rd8+ Kg7 36. Bd4 Bb2 37. Bxb2 Rxb2 38. Ra8 Rb5 39.
h4 Nh7 40. Nf3 Rb6 41. Ra7 Kf6 42. Nd2 Re6 43. Nb3 g5 44. hxg5+ Nxg5 45. Nxa5 Kg6 46. Nb3 Rd6 47. Nc5 Ne6 48. Nxa6 Rd2 49. Ra8 Nf4 50.
Rg8+ Kh7 51. Rg4 Rxg2+ 52. Rxg2 Nxg2 53. Kxg2 f5 54. Kf3 f4 55. Nb4 Kg7 56. Nd5 Kf8 57.
Kg4 Ke8 58. Kf3 Kd7 59. Nc3 Ke8 60. Ne4 Kd7 61. Ng5 Kd6 62. Nh3 Ke5 63. Nf2 Kf5 64. Nd3 Ke6 65. Nxf4+ 1/2-1/2

[Event "Early-Titled-Tuesday-Blitz-January-16-2024"]
[Site "Chess.com"]
[Date "2024.01.16"]
[Round "5"]
[White "stasOR4ik"]
[Black "Chiquitita23"]
[Result "1-0"]
[WhiteElo "2408"]
[BlackElo "2166"]
[TimeControl "180+1"]
[EndTime "8:59:00 PST"]
[Termination "stasOR4ik won on time"]

1. e4 e5 2. Bc4 Bc5 3. Nf3 Nc6 4. O-O Nf6 5. c3 d6 6. d4 Bb6 7. dxe5 Nxe5 8. Nxe5 dxe5 9. Qxd8+ Kxd8 10. Bg5 Ke7 11. a4 a6 12. Na3 Be6 13. Rfd1 h6 14. Bxf6+ gxf6 15. Kf1 h5 16. f3 h4 17. h3 Rhg8 18. Bxe6 fxe6 19. Rd2 Be3 20. Rd3 Bf4 21. Rad1 Rad8 22.
Nc4 b6 23. Rxd8 Rxd8 24. Rxd8 Kxd8 25. Ke2 Kd7 26. Kd3 Kc6 27. b3 b5 28. axb5+ axb5 29.
Na5+ Kb6 30. b4 c5 31. Kc2 c4 32.
Kd1 f5 33. Ke2 Bc1 34. Kd1 Be3 35. Ke2 Bg1 36. Kf1 Be3 37. Ke2 Bg5 38. Kd1 Be7 39.
Ke2 Kc7 40. Ke3 f4+ 41. Ke2 Bd6 42. Kd2 Kb6 43. Kc2 Bb8 44. Kd2 Kc7 45. Kc2 Ba7 46.
Kb2 Bb6 47. Ka2 Bxa5 48. bxa5 Kb7 49. Ka3 1-0

[Event "Early-Titled-Tuesday-Blitz-January-16-2024"]
[Site "Chess.com"]
[Date "2024.01.16"]
[Round "5"]
[White "Bigfish1995"]
[Black "Iball95"]
[Result "1-0"]
[WhiteElo "3033"]
[BlackElo "2746"]
[TimeControl "180+1"]
[EndTime "8:59:01 PST"]
[Termination "Bigfish1995 won on time"]

1. e4 c5 2. Nf3 e6 3. c3 d5 4. exd5 exd5 5. d4 Nf6 6. Bb5+ Nc6 7. O-O Be7 8. dxc5 Bxc5 9. Re1+ Be6 10. Be3 Bxe3 11. Rxe3 Qb6 12. Nd4 O-O 13. Bxc6 bxc6 14. Qb3 Qc7 15. h3 Rae8 16. Nd2 Bd7 17. Rae1 h6 18.
Qa3 c5 19. Rxe8 Rxe8 20. Rxe8+ Bxe8 21. N4b3 c4 22. Nd4 g6 23. Nf1 Kg7 24. Ne3 a5 25. g3 h5 26. h4 Kg8 27. Kg2 Kg7 28. b3 cxb3 29. Qxb3 a4 30. Qb4 Qe5 31. Nf3 Qe4 32.
Qd4 Qxd4 33. cxd4 Bb5 34. Ne5 Kf8 35. a3 Ke7 36. f3 Ke6 37. Kf2 Ke7 38. Ng2 Be8 39.
Nf4 Kd6 40. Ke3 Ng8 41. g4 hxg4 42. fxg4 Ne7 43. h5 gxh5 44. Nxh5 f5 45. Ng7 fxg4 46. Nxe8+ Ke6 47. Nxg4 Nf5+ 48. Kd3 Nd6 49. Nxd6 Kxd6 50. Ne5 1-0

[Event "Early-Titled-Tuesday-Blitz-January-16-2024"]
[Site "Chess.com"]
[Date "2024.01.16"]
[Round "5"]
[White "ClayK1ng"]
[Black "agvega14"]
[Result "1-0"]
[WhiteElo "2296"]
[BlackElo "2130"]
[TimeControl "180+1"]
[EndTime "8:59:02 PST"]
[Termination "ClayK1ng won on time"]

1. Nc3 Nf6 2. Nf3 Nc6 3. Nb1 d5 4.
d4 g6 5. e3 Bg7 6. a3 O-O 7.
Bd3 Bg4 8. h3 Bxf3 9. Qxf3 e5 10.
dxe5 Nxe5 11. Qe2 Nxd3+ 12. Qxd3 Re8 13. O-O Ne4 14. Nd2 Nc5 15. Qb5 b6 16. Rb1 Qd6 17. b4 Ne6 18. Nb3 c6 19. Qd3 Rad8 20. Bb2 Bxb2 21. Rxb2 Qe5 22. c3 f5 23. Nd4 Qd6 24. Rd1 b5 25. Nxe6 Rxe6 26. Rbd2 Qe5 27. Qd4 Rd7 28. Qxe5 Rxe5 29. a4 a6 30. Ra1 Ree7 31.
axb5 axb5 32. Ra6 Rc7 33. Rda2 Kf7 34. Kf1 Ke6 35. Rb6 Kd6 36. Ra5 Kd7 37. Ke2 f4 38.
Kd3 fxe3 39. fxe3 Re4 40. Ra8 Re8 41. Rxe8 Kxe8 42. Kd4 Kd7 43. Kc5 h6 44. Ra6 h5 45.
Ra8 Ke6 46. Rg8 Kf7 47. Rh8 Kg7 48. Rd8 Re7 49. Kxc6 Rxe3 50. Rxd5 Rxc3+ 51. Kxb5 Rc2 52. Rg5 Kf6 53. h4 Rb2 54. g3 Rb3 55. Kc5 1-0

[Event "Early-Titled-Tuesday-Blitz-January-16-2024"]
[Site "Chess.com"]
[Date "2024.01.16"]
[Round "5"]
[White "Alexchess1984"]
[Black "Practical-Play"]
[Result "1-0"]
[WhiteElo "2685"]
[BlackElo "2504"]
[TimeControl "180+1"]
[EndTime "8:59:03 PST"]
[Termination "Alexchess1984 won by checkmate"]

1. e4 d5 2. exd5 Nf6 3. Nc3 Nxd5 4. Qf3 Nf6 5. Qe2 Nc6 6. Nf3 Bg4 7. Qe3 Nb4 8. Bb5+ Bd7 9. Bd3 Nxd3+ 10. Qxd3 e6 11. O-O Bd6 12. Qe2 O-O 13. Ne5 Be8 14. d4 Nd5 15. Ne4 Be7 16. c4 Nf6 17. Rd1 c6 18. Bf4 Qc8 19. Rac1 Nxe4 20. Qxe4 f6 21. Nd3 Bg6 22. Qe3 Re8 23. Bg3 Bd8 24. Nc5 Bb6 25. Ne4 Bc7 26. Bxc7 Qxc7 27. Ng3 Rad8 28. h4 Bf7 29. h5 e5 30. d5 cxd5 31. cxd5 Qa5 32. h6 Rxd5 33. hxg7 e4 34. Rxd5 Qxd5 35. Rc7 f5 36.
Qf4 e3 37. Nxf5 exf2+ 38. Kh2 f1=N+ 39. Qxf1 Qe5+ 40. g3 Qxc7 41. Nh6+ Kxg7 42. Nf5+ Kg8 43. Nh6+ Kg7 44. Nf5+ Kf8 45. Qb5 Qc2+ 46. Kh3 a6 47. Qb4+ Kg8 48. Ne7+ Kh8 49. Qd4# 1-0

[Event "Early-Titled-Tuesday-Blitz-January-16-2024"]
[Site "Chess.com"]
[Date "2024.01.16"]
[Round "5"]
[White "tteshan"]
[Black "MIss_MIaMI"]
[Result "1-0"]
[WhiteElo "2596"]
[BlackElo "2418"]
[TimeControl "180+1"]
[EndTime "8:59:03 PST"]
[Termination "tteshan won by checkmate"]

1. d4 c5 2. d5 g6 3. c4 Bg7 4. Nc3 Bxc3+ 5. bxc3 Qa5 6. Qc2 f5 7. e4 fxe4 8. Ne2 e3 9. Bxe3 Nf6 10. Nc1 d6 11. Bd3 Nbd7 12. Nb3 Qa6 13. Nd2 Ne5 14. Be2 Bf5 15. Qb3 Nd3+ 16. Kf1 Ne5 17. f3 O-O 18. h3 Bd7 19. Kg1 Nxd5 20. Bh6 Rf7 21. cxd5 Qxe2 22. Qxb7 Re8 23. Qb1 Bf5 24. Qe1 Qd3 25. Qe3 Qxd5 26.
Kh2 Nc4 27. Nxc4 Qxc4 28. Rhe1 e5 29. Rad1 Rd7 30. Qg5 Qxa2 31. Ra1 Qf7 32. f4 Qe7 33.
Qg3 e4 34. Bg5 Qf7 35. h4 d5 36. h5 d4 37. cxd4 cxd4 38. h6 e3 39. Ra6 Re6 40. Rxe6 Qxe6 41. Rc1 Kf7 42. Rc8 e2 43. Qe1 d3 44.
Rh8 d2 45. Qa1 e1=Q 46. Qg7# 1-0